 Dungeon Crawl Stone Soup version 0.31-a0-232-gb1c03b2570 (webtiles) character file.

Game seed: 11754153935939620211

12957 qw the Marksminotaur (level 11, -1/99 HPs)
             Began as a Minotaur Hexslinger on July 7, 2023.
             Was a Priest of Okawaru.
             Slain by a killer bee (6 damage)
             ... on level 11 of the Dungeon.
             The game lasted 00:04:46 (11323 turns).

qw the Marksminotaur (Minotaur Hexslinger)         Turns: 11323, Time: 00:04:47

Health: -1/99      AC:  9    Str: 13    XL:     11   Next: 69%
Magic:  11/13      EV: 23    Int: 10    God:    Okawaru [***...]
Gold:   61         SH:  0    Dex: 20    Spells: 11/12 levels left

rFire   . . .        Y - +2 orcbow (flame)
rCold   + . .        (shield currently unavailable)
rNeg    + + +        o - +5 ring mail of Ryho {Rampage *Corrode rN+++ SInv}
rPois   .            (helmet restricted)
rElec   .            (no cloak)
rCorr   .            (no gloves)
SInv    +            c - +0 pair of boots
Will    .....        (no amulet)
Stlth   +++          f - +5 ring of evasion
HPRegen 0.36/turn    p - ring of Intercession {rC+ Dex+3}
MPRegen 0.13/turn

%: corrode self (3%), rampage
@: about to teleport, heroic, corroded
A: horns 2, retaliatory headbutt
a: Renounce Religion, Heroism


You were on level 11 of the Dungeon.
You worshipped Okawaru.
Okawaru was most pleased with you.
You visited 1 branch of the dungeon, and saw 11 of its levels.

You collected 659 gold pieces.
You spent 598 gold pieces at shops.


Innate Abilities, Weirdness & Mutations

You have a pair of horns on your head.
You reflexively headbutt those who attack you in melee.


   Skills:
 + Level 10.1(15.1) Fighting
 - Level 16.0(21.0) Ranged Weapons
 - Level 4.2(9.2) Armour
 - Level 7.0(12.0) Dodging
 - Level 1.0 Spellcasting
 - Level 2.0 Hexes
 - Level 4.0 Invocations


You had 11 spell levels left.
You knew the following spells:

 Your Spells              Type           Power      Damage    Failure   Level
a - Slow                  Hex            16%        N/A       28%         1

Your spell library contained the following spells:

 Spells                   Type           Power      Damage    Failure   Level
 Inner Flame              Hex/Fire       2%         N/A       77%         3
 Portal Projectile        Hex/Tloc       4%         N/A       77%         3
 Cause Fear               Hex            2%         N/A       95%         4

Inventory:

Hand Weapons
 Y - a +2 orcbow of flaming (weapon)
Armour
 c - a +0 pair of boots (worn)
 i - a +0 leather armour of fire resistance
 o - the +5 ring mail of Ryho (worn) {Rampage *Corrode rN+++ SInv}
   (You found it on level 10 of the Dungeon)

   rN:        It renders you almost immune to negative energy.
   SInv:      It lets you see invisible.
   *Corrode:  It may corrode you when you take damage.
   Rampage:   It bestows one free step when moving towards enemies.
Jewellery
 d - a ring of see invisible
 f - a +5 ring of evasion (left hand)
 h - a ring of fire
 p - the ring of Intercession (right hand) {rC+ Dex+3}
   (You found it on level 6 of the Dungeon)

   [ring of protection from cold]

   Dex:       It affects your dexterity (+3).
   rC:        It protects you from cold.
Scrolls
 a - a scroll of identify
 e - a scroll of immolation {unknown}
 l - 2 scrolls of teleportation
Potions
 b - 5 potions of might
 g - 5 potions of curing
 j - 6 potions of heal wounds
 k - a potion of haste
 m - 4 potions of mutation
 n - a potion of ambrosia {unknown}
 q - a potion of magic
 r - a potion of attraction {unknown}
 s - 2 potions of resistance {unknown}

Dungeon Overview and Level Annotations

Branches:
Dungeon (11/15)            Temple (0/1) D:4            Lair (0/5) D:11
    Orc: D:9-12

Altars:
Ashenzari
Cheibriados
Elyvilon
Hepliaklqana
Kikubaaqudgha
Nemelex Xobeh
Okawaru
Sif Muna
Trog
Vehumet
Yredelemnul
Zin

Shops:
D:7 (

Annotations:
D:5 2 transporters, exclusion: gnoll sergeant, qw's ghost, novice GrFi
D:7 1 runed translucent door, Crazy Yiuf
D:10 2 runed translucent doors
D:11 6 transporters, 3 runed translucent doors, qw's ghost, novice MiHs


Message History

The killer bee stings you but does no damage.
The killer bee misses you.
A two-headed ogre comes into view. It is wielding two +0 giant clubs.
The fire dragon completely misses you. You furiously retaliate!
You headbutt the fire dragon.
The fire dragon claws you but does no damage.
The fire dragon tramples you.
You stumble backwards!
The two-headed ogre moves out of view.
You shoot an arrow. The arrow hits the fire dragon.
The fire dragon is severely wounded.
A killer bee comes into view.
The killer bee misses you. The fire dragon bites you!
The fire dragon claws you but does no damage.
The fire dragon barely misses you.
You shoot an arrow. The arrow hits the fire dragon.
The fire dragon is severely wounded.
The killer bee misses you. The killer bee completely misses you.
The killer bee misses you. You furiously retaliate!
You headbutt the killer bee. You shoot an arrow.
The arrow hits the fire dragon.
The fire dragon is severely wounded.
The killer bee closely misses you.
The killer bee stings you but does no damage.
The killer bee misses you. You furiously retaliate!
You headbutt the killer bee. The fire dragon breathes flames at you.
The blast of flame hits you!! The killer bee closely misses you.
The killer bee misses you. You furiously retaliate!
You headbutt the killer bee, but do no damage.
The killer bee completely misses you.
You hear a howl!
You hear an angry buzzing noise.
11323 ||| READING 3 scrolls of teleportation.
As you read the scroll of teleportation, it crumbles to dust.
You feel strangely unstable.
The killer bee completely misses you. x2
A killer bee comes into view.
The fire dragon barely misses you. You furiously retaliate!
You headbutt the fire dragon.
The fire dragon claws you but does no damage.
The fire dragon tramples you.
Your corrosive artefact corrodes you!
You hold your ground!
The killer bee stings you.
You die...

##### ....#####
........######## ####
.........#.#.#.####..###
..#.##.......#.##.##...#
.#.#..#.#......y@y...###
#.#.##.#).....yyDy.###
.#.####.#.......y###
#.## ##.#.....#y# #
#)#.......%....#
.#....O.###.#...#
##......## .# .#
.....%## # ...#


You could see a fire dragon (catching breath), a two-headed ogre and 7 killer
bees.

Vanquished Creatures
  Erica (D:8)
  A boulder beetle (D:11)
  2 two-headed ogres (D:11)
  An ugly thing (D:11)
  A manticore (D:11)
  A gargoyle (D:11)
  An unseen horror (D:11)
  A komodo dragon (D:11)
  2 trolls
  A shadow (D:11)
  13 yaks
  3 wyverns
  4 steam dragons
  2 vampire mosquitoes (D:11)
  A water moccasin (D:10)
  5 black bears
  4 ice beasts
  6 orc warriors
  An ogre (D:6)
  5 centaurs
  2 phantoms (D:5)
  A kobold brigand (D:9)
  4 scorpions
  4 bullfrogs
  2 gnoll sergeants
  5 wights (D:8)
  24 killer bees
  2 howler monkeys (D:9)
  2 hounds (D:5)
  7 orc priests
  A gnoll bouda (D:10)
  2 jellies (D:7)
  3 sleepcaps
  3 iguanas
  12 orc wizards
  A scorpion zombie (D:5)
  A howler monkey zombie (D:5)
  19 gnolls
  3 adders
  A shadow imp (D:7)
  An ufetubus (D:4)
  2 worms (D:3)
  2 dart slugs (D:4)
  33 orcs
  9 ball pythons
  17 endoplasms
  7 giant cockroaches
  3 goblins
  10 hobgoblins
  9 kobolds
  2 quokkas (D:2)
  3 bats
  A frilled lizard (D:1)
  8 rats
262 creatures vanquished.

Notes
Turn   | Place    | Note
-------+----------+-------------------------------------------
     0 | D:1      | qw the Minotaur Hexslinger began the quest for the Orb.
     0 | D:1      | Reached XP level 1. HP: 16/16 MP: 1/1
     0 | D:1      | 0 ||| qw: Version: 0.3-a-46-gb1f654a
     0 | D:1      | 0 ||| qw: Game counter: 2647
     0 | D:1      | 0 ||| qw: Melee chars always use a shield: true
     0 | D:1      | 0 ||| qw: God list: Okawaru
     0 | D:1      | 0 ||| qw: Allow faded altars: false
     0 | D:1      | 0 ||| qw: Do Orc after clearing Dungeon:15 true
     0 | D:1      | 0 ||| qw: Do second Lair branch before Depths: true
     0 | D:1      | 0 ||| qw: Lair rune preference: random
     0 | D:1      | 0 ||| qw: Goals: Normal
     0 | D:1      | 0 ||| PLANNING D:1-11
   229 | D:1      | Reached skill level 3 in Ranged Weapons
   271 | D:1      | Reached XP level 2. HP: 19/23 MP: 2/2
   642 | D:1      | 642 ||| UPGRADING to +0 ring mail.
   652 | D:1      | 652 ||| DROPPING +0 robe.
   653 | D:1      | 653 ||| UPGRADING to +5 ring of evasion.
   654 | D:1      | 654 ||| DRINKING 2 bubbling golden potions.
   655 | D:1      | 655 ||| DROPPING scroll of poison.
   916 | D:2      | Reached XP level 3. HP: 29/29 MP: 3/3
  1493 | D:2      | 1493 ||| UPGRADING to +0 pair of boots.
  1498 | D:2      | 1498 ||| READING 6 scrolls labelled QYCVOIVYIZISK.
  1499 | D:2      | 1499 ||| READING scroll labelled VOFEORGH XIUSU.
  1500 | D:2      | 1500 ||| READING scroll labelled FOAH ZEITAORCH.
  1601 | D:2      | 1601 ||| READING 5 scrolls of identify.
  1601 | D:2      | 1601 ||| IDENTIFYING yellow potion
  1602 | D:2      | 1602 ||| DROPPING potion of berserk rage.
  1648 | D:3      | Reached skill level 4 in Ranged Weapons
  1699 | D:3      | Found an ancient bone altar of Kikubaaqudgha.
  1730 | D:3      | Reached skill level 1 in Armour
  1827 | D:3      | Reached XP level 4. HP: 36/36 MP: 4/4
  1887 | D:3      | Found a hazy altar of Hepliaklqana.
  1887 | D:3      | Found an iron altar of Okawaru.
  1888 | D:3      | 1888 ||| PLANNING OKAWARU WORSHIP
  1894 | D:3      | 1894 ||| READING scroll labelled HYSIORCHE MUXAC.
  1895 | D:3      | 1895 ||| READING scroll labelled QOTYVINTIX.
  1926 | D:3      | 1926 ||| DRINKING 2 fizzy green potions.
  1927 | D:3      | 1927 ||| READING 4 scrolls of identify.
  1927 | D:3      | 1927 ||| IDENTIFYING amethyst potion
  1928 | D:3      | 1928 ||| READING 3 scrolls of identify.
  1928 | D:3      | 1928 ||| IDENTIFYING gluggy clear potion
  1929 | D:3      | 1929 ||| DROPPING potion of invisibility.
  1942 | D:3      | Became a worshipper of Warmaster Okawaru
  1943 | D:3      | 1943 ||| PLANNING D:1-11
  2275 | D:3      | 2275 ||| READING 2 scrolls of identify.
  2275 | D:3      | 2275 ||| IDENTIFYING red potion
  2276 | D:3      | 2276 ||| DROPPING potion of lignification.
  2294 | D:4      | 2294 ||| STAIRDANCE
  2381 | D:4      | Reached skill level 5 in Ranged Weapons
  2405 | D:4      | Found a radiant altar of Vehumet.
  2431 | D:4      | Noticed a scorpion
  2442 | D:4      | Killed a scorpion
  2443 | D:4      | Reached skill level 3 in Fighting
  2443 | D:4      | Reached XP level 5. HP: 31/46 MP: 5/5
  2601 | D:4      | Found a staircase to the Ecumenical Temple.
  3161 | D:4      | 3161 ||| UPGRADING to +0 leather armour of fire resistance.
  3171 | D:4      | 3171 ||| READING scroll labelled ANKOLO ENOU.
  3172 | D:4      | 3172 ||| READING scroll labelled FIESAF HUOQA.
  3173 | D:4      | 3173 ||| READING 4 scrolls of identify.
  3173 | D:4      | 3173 ||| IDENTIFYING ruby potion
  3190 | D:5      | Entered Level 5 of the Dungeon
  3190 | D:5      | Noticed a phantom
  3201 | D:5      | Killed a phantom
  3201 | D:5      | Reached * piety under Okawaru
  3202 | D:5      | Reached skill level 6 in Ranged Weapons
  3202 | D:5      | Reached XP level 6. HP: 38/52 MP: 6/6
  3279 | D:5      | 3279 ||| INVOKING Heroism.
  3411 | D:5      | 3411 ||| INVOKING Heroism.
  3420 | D:5      | Reached skill level 1 in Invocations
  3431 | D:5      | Noticed an ice beast
  3432 | D:5      | 3432 ||| FLEEEEING.
  3476 | D:5      | 3476 ||| INVOKING Heroism.
  3489 | D:5      | Killed an ice beast
  3490 | D:5      | Reached skill level 7 in Ranged Weapons
  3490 | D:5      | Reached XP level 7. HP: 50/59 MP: 5/7
  3582 | D:5      | 3582 ||| STAIRDANCE
  3586 | D:4      | Found a bloodstained altar of Trog.
  3622 | D:5      | 3622 ||| INVOKING Heroism.
  3628 | D:5      | Reached skill level 3 in Invocations
  3739 | D:5      | 3739 ||| SWAPPING to +0 shortbow.
  3740 | D:5      | 3740 ||| DROPPING +2 sling.
  3751 | D:5      | Identified the +3 spear of Baleful Subterfuge {vamp, rPois
                  | rN+ Int+2 SInv}
  3922 | D:5      | Identified the ring "Askulabb" {Drain rPois rC+ Will+ SInv}
  3931 | D:5      | Noticed qw's ghost (novice GrFi)
  3936 | D:5      | Found a transporter.
  3945 | D:5      | Found a transporter.
  4179 | D:5      | Reached skill level 8 in Ranged Weapons
  4198 | D:5      | Found a basalt altar of Yredelemnul.
  4255 | D:5      | Found a broken altar of Ashenzari.
  4275 | D:5      | 4275 ||| INVOKING Heroism.
  4281 | D:5      | Reached XP level 8. HP: 33/68 MP: 7/10
  4445 | D:5      | 4445 ||| Stepping ~*~*~tactically~*~*~ (outnumbered).
  4447 | D:5      | 4447 ||| Stepping ~*~*~tactically~*~*~ (outnumbered).
  4454 | D:5      | 4454 ||| FLEEEEING.
  4455 | D:5      | 4455 ||| FLEEEEING.
  4456 | D:5      | 4456 ||| FLEEEEING.
  4457 | D:5      | 4457 ||| FLEEEEING.
  4458 | D:5      | 4458 ||| FLEEEEING.
  4459 | D:5      | 4459 ||| FLEEEEING.
  4460 | D:5      | 4460 ||| FLEEEEING.
  4461 | D:5      | 4461 ||| FLEEEEING.
  4462 | D:5      | 4462 ||| FLEEEEING.
  4468 | D:5      | 4468 ||| INVOKING Heroism.
  4613 | D:5      | 4613 ||| INVOKING Heroism.
  4614 | D:5      | 4614 ||| READING 3 scrolls of identify.
  4614 | D:5      | 4614 ||| IDENTIFYING fizzy golden potion
  4621 | D:5      | Reached skill level 3 in Dodging
  4625 | D:5      | 4625 ||| FLEEEEING.
  4792 | D:5      | Found a shimmering blue altar of Sif Muna.
  4940 | D:6      | Found a sparkling altar of Nemelex Xobeh.
  4966 | D:6      | 4966 ||| INVOKING Heroism.
  4974 | D:6      | Reached skill level 9 in Ranged Weapons
  5061 | D:6      | 5061 ||| SWAPPING to +0 orcbow.
  5062 | D:6      | 5062 ||| DROPPING +0 shortbow.
  5138 | D:6      | Found a snail-covered altar of Cheibriados.
  5297 | D:6      | 5297 ||| INVOKING Heroism.
  5300 | D:6      | 5300 ||| Stepping ~*~*~tactically~*~*~ (outnumbered).
  5312 | D:6      | Reached skill level 6 in Fighting
  5342 | D:6      | 5342 ||| FLEEEEING.
  5343 | D:6      | 5343 ||| FLEEEEING.
  5349 | D:6      | 5349 ||| FLEEEEING.
  5350 | D:6      | 5350 ||| FLEEEEING.
  5351 | D:6      | 5351 ||| FLEEEEING.
  5352 | D:6      | 5352 ||| FLEEEEING.
  5353 | D:6      | 5353 ||| FLEEEEING.
  5354 | D:6      | 5354 ||| FLEEEEING.
  5355 | D:6      | 5355 ||| FLEEEEING.
  5356 | D:6      | 5356 ||| FLEEEEING.
  5357 | D:6      | 5357 ||| FLEEEEING.
  5358 | D:6      | 5358 ||| FLEEEEING.
  5359 | D:6      | 5359 ||| FLEEEEING.
  5360 | D:6      | 5360 ||| FLEEEEING.
  5361 | D:6      | 5361 ||| FLEEEEING.
  5362 | D:6      | 5362 ||| FLEEEEING.
  5369 | D:6      | 5369 ||| FLEEEEING.
  5370 | D:6      | 5370 ||| FLEEEEING.
  5371 | D:6      | 5371 ||| FLEEEEING.
  5372 | D:6      | 5372 ||| FLEEEEING.
  5374 | D:6      | 5374 ||| FLEEEEING.
  5375 | D:6      | 5375 ||| FLEEEEING.
  5376 | D:6      | 5376 ||| FLEEEEING.
  5377 | D:6      | 5377 ||| FLEEEEING.
  5378 | D:6      | 5378 ||| FLEEEEING.
  5379 | D:6      | 5379 ||| FLEEEEING.
  5380 | D:6      | 5380 ||| FLEEEEING.
  5381 | D:6      | 5381 ||| FLEEEEING.
  5382 | D:6      | 5382 ||| FLEEEEING.
  5383 | D:6      | 5383 ||| FLEEEEING.
  5384 | D:6      | 5384 ||| FLEEEEING.
  5385 | D:6      | 5385 ||| FLEEEEING.
  5386 | D:6      | 5386 ||| FLEEEEING.
  5388 | D:6      | 5388 ||| FLEEEEING.
  5389 | D:6      | 5389 ||| INVOKING Heroism.
  5578 | D:6      | 5578 ||| INVOKING Heroism.
  5583 | D:6      | Reached skill level 10 in Ranged Weapons
  5604 | D:6      | Identified the ring of Intercession {rC+ Dex+3}
  5607 | D:6      | 5607 ||| INVOKING Heroism.
  5664 | D:6      | Identified the +3 whip of Ylyloc {drain, rN+ Will+}
  5789 | D:6      | 5789 ||| UPGRADING to ring of willpower.
  5790 | D:6      | 5790 ||| UPGRADING to ring of protection from cold.
  5792 | D:6      | 5792 ||| UPGRADING to ring of Intercession {rC+ Dex+3}.
  5794 | D:6      | 5794 ||| DROPPING ring of willpower.
  5795 | D:6      | 5795 ||| DROPPING ring of protection from cold.
  5831 | D:7      | 5831 ||| INVOKING Heroism.
  5840 | D:7      | Reached XP level 9. HP: 75/75 MP: 8/11
  5905 | D:7      | Reached ** piety under Okawaru
  5980 | D:7      | 5980 ||| INVOKING Heroism.
  6041 | D:7      | 6041 ||| INVOKING Heroism.
  6069 | D:7      | 6069 ||| INVOKING Heroism.
  6098 | D:7      | 6098 ||| INVOKING Heroism.
  6177 | D:7      | Found Ylion's Antique Weapon Shop.
  6214 | D:7      | 6214 ||| INVOKING Heroism.
  6393 | D:7      | Found a runed translucent door.
  6394 | D:7      | Noticed Crazy Yiuf
  6689 | D:7      | 6689 ||| READING 3 scrolls of identify.
  6689 | D:7      | 6689 ||| IDENTIFYING fuming coppery potion
  6690 | D:7      | 6690 ||| DROPPING potion of brilliance.
  6737 | D:8      | 6737 ||| INVOKING Heroism.
  6860 | D:8      | 6860 ||| INVOKING Heroism.
  7031 | D:8      | 7031 ||| INVOKING Heroism.
  7040 | D:8      | Reached skill level 11 in Ranged Weapons
  7274 | D:8      | 7274 ||| Stepping ~*~*~tactically~*~*~ (outnumbered).
  7276 | D:8      | 7276 ||| Stepping ~*~*~tactically~*~*~ (outnumbered).
  7280 | D:8      | 7280 ||| DRINKING 3 potions of curing.
  7280 | D:8      | 7280 ||| (to cure confusion)
  7302 | D:8      | 7302 ||| INVOKING Heroism.
  7320 | D:8      | 7320 ||| INVOKING Heroism.
  7456 | D:8      | 7456 ||| SWAPPING to +2 orcbow of flaming.
  7457 | D:8      | 7457 ||| DROPPING +0 orcbow.
  7475 | D:8      | 7475 ||| Stepping ~*~*~tactically~*~*~ (outnumbered).
  7477 | D:8      | 7477 ||| Stepping ~*~*~tactically~*~*~ (outnumbered).
  7479 | D:8      | 7479 ||| INVOKING Heroism.
  7480 | D:8      | 7480 ||| Stepping ~*~*~tactically~*~*~ (outnumbered).
  7491 | D:8      | Reached skill level 12 in Ranged Weapons
  7654 | D:8      | Noticed Erica
  7655 | D:8      | 7655 ||| INVOKING Heroism.
  7660 | D:8      | Killed Erica
  7661 | D:8      | Reached XP level 10. HP: 90/90 MP: 9/12
  7873 | D:9      | 7873 ||| INVOKING Heroism.
  7900 | D:9      | Reached skill level 6 in Dodging
  8027 | D:9      | 8027 ||| INVOKING Heroism.
  8041 | D:9      | 8041 ||| DRINKING 2 potions of curing.
  8041 | D:9      | 8041 ||| (to cure confusion)
  8054 | D:9      | 8054 ||| INVOKING Heroism.
  8366 | D:9      | Reached skill level 13 in Ranged Weapons
  8460 | D:9      | 8460 ||| Stepping ~*~*~tactically~*~*~ (outnumbered).
  8463 | D:9      | 8463 ||| Stepping ~*~*~tactically~*~*~ (outnumbered).
  8465 | D:9      | 8465 ||| Stepping ~*~*~tactically~*~*~ (outnumbered).
  8466 | D:9      | 8466 ||| Stepping ~*~*~tactically~*~*~ (outnumbered).
  8476 | D:9      | Reached skill level 9 in Fighting
  8742 | D:9      | 8742 ||| DROPPING +0 ring mail.
  8743 | D:9      | 8743 ||| DROPPING +1 robe of cold resistance.
  8744 | D:9      | 8744 ||| READING 2 scrolls of identify.
  8744 | D:9      | 8744 ||| IDENTIFYING glowing purple potion
  8804 | D:10     | Entered Level 10 of the Dungeon
  8811 | D:10     | 8811 ||| STAIRDANCE
  8813 | D:9      | 8813 ||| INVOKING Heroism.
  8963 | D:10     | 8963 ||| STAIRDANCE
  8966 | D:9      | 8966 ||| INVOKING Heroism.
  9177 | D:10     | Identified the +5 ring mail of Ryho {Rampage *Corrode rN+++
                  | SInv}
  9196 | D:10     | 9196 ||| FLEEEEING.
  9197 | D:10     | 9197 ||| FLEEEEING.
  9198 | D:10     | 9198 ||| FLEEEEING.
  9199 | D:10     | 9199 ||| FLEEEEING.
  9200 | D:10     | 9200 ||| FLEEEEING.
  9201 | D:10     | 9201 ||| FLEEEEING.
  9202 | D:10     | 9202 ||| FLEEEEING.
  9203 | D:10     | 9203 ||| FLEEEEING.
  9204 | D:10     | 9204 ||| FLEEEEING.
  9205 | D:10     | 9205 ||| FLEEEEING.
  9206 | D:10     | 9206 ||| FLEEEEING.
  9207 | D:10     | 9207 ||| FLEEEEING.
  9208 | D:10     | 9208 ||| FLEEEEING.
  9209 | D:10     | 9209 ||| FLEEEEING.
  9210 | D:10     | 9210 ||| FLEEEEING.
  9211 | D:10     | 9211 ||| FLEEEEING.
  9212 | D:10     | 9212 ||| FLEEEEING.
  9213 | D:10     | 9213 ||| FLEEEEING.
  9214 | D:10     | 9214 ||| FLEEEEING.
  9215 | D:10     | 9215 ||| FLEEEEING.
  9216 | D:10     | 9216 ||| FLEEEEING.
  9217 | D:10     | 9217 ||| FLEEEEING.
  9218 | D:10     | 9218 ||| FLEEEEING.
  9219 | D:10     | 9219 ||| FLEEEEING.
  9220 | D:10     | 9220 ||| FLEEEEING.
  9221 | D:10     | 9221 ||| FLEEEEING.
  9222 | D:10     | 9222 ||| FLEEEEING.
  9223 | D:10     | 9223 ||| FLEEEEING.
  9224 | D:10     | 9224 ||| FLEEEEING.
  9225 | D:10     | 9225 ||| FLEEEEING.
  9226 | D:10     | 9226 ||| FLEEEEING.
  9227 | D:10     | 9227 ||| FLEEEEING.
  9228 | D:10     | 9228 ||| FLEEEEING.
  9229 | D:10     | 9229 ||| FLEEEEING.
  9230 | D:10     | 9230 ||| FLEEEEING.
  9235 | D:10     | Reached skill level 14 in Ranged Weapons
  9238 | D:10     | 9238 ||| STAIRDANCE
  9274 | D:9      | 9274 ||| DROPPING +0 steam dragon scales.
  9275 | D:9      | 9275 ||| UPGRADING to +5 ring mail of Ryho {Rampage
                  | *Corrode rN+++ SInv}.
  9285 | D:9      | 9285 ||| READING scroll labelled JUAVVO PEXTO.
  9387 | D:10     | Found a large runed translucent door.
  9387 | D:10     | Found a large runed translucent door.
  9496 | D:10     | 9496 ||| Stepping ~*~*~tactically~*~*~ (cloud).
  9507 | D:10     | 9507 ||| INVOKING Heroism.
  9515 | D:10     | Reached skill level 3 in Armour
  9515 | D:10     | 9515 ||| Stepping ~*~*~tactically~*~*~ (cloud).
  9619 | D:10     | 9619 ||| INVOKING Heroism.
  9631 | D:10     | Reached XP level 11. HP: 97/97 MP: 11/13
  9700 | D:10     | Found Pivvi's Distillery.
  9708 | D:10     | 9708 ||| BUYING 2 potions of heal wounds (130 gold).
  9708 | D:10     | Bought 2 potions of heal wounds for 130 gold pieces
  9708 | D:10     | 9708 ||| BUYING 3 potions of curing (117 gold).
  9708 | D:10     | Bought 3 potions of curing for 117 gold pieces
  9708 | D:10     | 9708 ||| BUYING potion of curing (39 gold).
  9708 | D:10     | Bought a potion of curing for 39 gold pieces
  9708 | D:10     | 9708 ||| BUYING potion of might (52 gold).
  9708 | D:10     | Bought a potion of might for 52 gold pieces
  9708 | D:10     | 9708 ||| BUYING potion of might (52 gold).
  9708 | D:10     | Bought a potion of might for 52 gold pieces
  9708 | D:10     | 9708 ||| BUYING potion of mutation (104 gold).
  9708 | D:10     | Bought a potion of mutation for 104 gold pieces
  9708 | D:10     | 9708 ||| BUYING potion of mutation (104 gold).
  9708 | D:10     | Bought a potion of mutation for 104 gold pieces
  9753 | D:10     | 9753 ||| INVOKING Heroism.
  9930 | D:10     | Found a white marble altar of Elyvilon.
  9988 | D:10     | Found a glowing silver altar of Zin.
 10058 | D:10     | 10058 ||| DROPPING ring of wizardry.
 10088 | D:11     | Found a staircase to the Lair.
 10111 | D:11     | 10111 ||| STAIRDANCE
 10301 | D:11     | 10301 ||| DROPPING +1 heavy orcbow.
 10310 | D:11     | 10310 ||| INVOKING Heroism.
 10349 | D:11     | 10349 ||| INVOKING Heroism.
 10702 | D:11     | Found a transporter.
 10706 | D:11     | Found a transporter.
 10785 | D:11     | 10785 ||| INVOKING Heroism.
 10829 | D:11     | Noticed a two-headed ogre
 10830 | D:11     | 10830 ||| INVOKING Heroism.
 10833 | D:11     | Killed a two-headed ogre
 10833 | D:11     | Reached *** piety under Okawaru
 10834 | D:11     | Reached skill level 15 in Ranged Weapons
 10891 | D:11     | Found a transporter.
 10899 | D:11     | Noticed a white ugly thing
 10900 | D:11     | Found a transporter.
 10908 | D:11     | Killed a white ugly thing
 10961 | D:11     | Found a transporter.
 10967 | D:11     | Found a transporter.
 10984 | D:11     | Noticed a boulder beetle
 10985 | D:11     | 10985 ||| INVOKING Heroism.
 10993 | D:11     | Killed a boulder beetle
 11203 | D:11     | Found a runed translucent gate.
 11203 | D:11     | Found a runed translucent gate.
 11203 | D:11     | Found a runed translucent gate.
 11204 | D:11     | Noticed qw's ghost (novice MiHs)
 11244 | D:11     | Noticed a two-headed ogre
 11245 | D:11     | 11245 ||| INVOKING Heroism.
 11249 | D:11     | Killed a two-headed ogre
 11286 | D:11     | 11286 ||| INVOKING Heroism.
 11297 | D:11     | Noticed a fire dragon
 11303 | D:11     | Reached skill level 16 in Ranged Weapons
 11310 | D:11     | 11310 ||| Stepping ~*~*~tactically~*~*~ (outnumbered).
 11316 | D:11     | 11316 ||| INVOKING Heroism.
 11319 | D:11     | Noticed a two-headed ogre
 11322 | D:11     | HP: 9/99 [fire dragon/blast of flame (30)]
 11323 | D:11     | 11323 ||| READING 3 scrolls of teleportation.
 11323 | D:11     | Slain by a killer bee

Levels and vault maps discovered:
D:1:      scummos_arrival_star, layout_loops_ring, minivault_26,
          serial_park_tiny_2, columned_hall_lemuel
D:2:      layout_loops_corners
D:3:      layout_basic, mainiacjoe_overflow_alcove_1, jmf_multi_god_temple,
          small_statue_intersection, nicolae_underground_beach
D:4:      layout_loops_ring, nicolae_overflow_hidden_temple,
          mainiacjoe_overflow_concentric_impassable, temple_green
D:5:      minmay_inner_zag, layout_basic, mainiacjoe_overflow_24_doors,
          ashenzari_conservatory_becter, lemuel_zombie_altar_yredelemnul,
          gammafunk_ghost_gnarly_gnolls, chequers_garden
D:6:      layout_cave_pods, mainiacjoe_overflow_boulevard,
          mainiacjoe_overflow_cross_hatched
D:7:      layout_cave_pods, serial_shops, nicolae_take_the_stairs,
          chequers_serial_rivers_micro_d, grunt_ministairs_11,
          uniq_crazy_yiuf_cottage
D:8:      layout_basic, minivault_25, uniq_erica
D:9:      layout_stronghold
D:10:     layout_long_grid, mainiacjoe_overflow_alcove_4,
          lemuel_coloured_pillars_altar, jmf_multi_god_temple2, serial_shops,
          shop
D:11:     regret_index_bee_streams, layout_gridville,
          due_lair_maze_entry_diamond, gammafunk_ghost_nasty_kobolds,
          serial_nicolae_subway, nicolae_sub_station_crystal,
          nicolae_sub_station_metal, nicolae_sub_station_stone, uniq_grum

Skill      XL: |  1  2  3  4  5  6  7  8  9 10 11 |
---------------+----------------------------------+-----
Ranged Weapons | 3 4 5 6 7 8 10 12 14 16 | 16.0
Fighting       | 2 3 4 5 6 8 9 10 | 10.1
Armour         | 1 2 3 4 |  4.2
Invocations    | 2 4 |  4.0
Dodging        | 4 5 7 |  7.0
Spellcasting   | |  1.0
Hexes          | |  2.0

Action                     |  1- 3 |  4- 6 |  7- 9 | 10-12 || total
---------------------------+-------+-------+-------+-------++-------
   Fire: Sling             |   148 |   184 |    11 |       ||   343
         Shortbow          |       |       |   151 |       ||   151
         Orcbow            |       |       |   238 |   338 ||   576
 Invoke: Heroism           |       |     3 |    22 |    16 ||    41
    Use: Potion            |     1 |     1 |     1 |     1 ||     4
         Scroll            |     4 |     8 |     2 |     3 ||    17
 Armour: Robe              |     3 |       |       |       ||     3
         Ring mail         |    10 |    10 |       |    27 ||    47
         Leather armour    |       |     6 |    22 |     6 ||    34
  Dodge: Dodged            |    45 |    96 |   136 |   181 ||   458

Table legend:
 A = Non-vault XP
 B = Vault XP
 C = Vault XP percentage of total XP
 D = Non-vault monster count
 E = Vault monster count
 F = Vault count percentage of total count
                 A         B        C        D         E       F
            +---------+---------+-------+---------+---------+-------
      Total |   13467 |    5043 |  27.2 |     226 |      36 |  13.7
            +---------+---------+-------+---------+---------+-------
        D:1 |      33 |       0 |   0.0 |      21 |       0 |   0.0
        D:2 |      22 |       0 |   0.0 |      13 |       0 |   0.0
        D:3 |      96 |       4 |   4.0 |      23 |       2 |   8.0
        D:4 |     146 |       0 |   0.0 |      19 |       0 |   0.0
        D:5 |     971 |     488 |  33.4 |      16 |       7 |  30.4
        D:6 |     963 |       0 |   0.0 |      18 |       0 |   0.0
        D:7 |     814 |      83 |   9.3 |      20 |       2 |   9.1
        D:8 |    1762 |     842 |  32.3 |      33 |       1 |   2.9
        D:9 |    2922 |       0 |   0.0 |      34 |       0 |   0.0
       D:10 |    1998 |     366 |  15.5 |      22 |       2 |   8.3
       D:11 |    3740 |    3260 |  46.6 |       7 |      22 |  75.9
            +---------+---------+-------+---------+---------+-------
